 Dungeon Crawl Stone Soup version 0.31-a0-358-gac0dbeb3ab (webtiles) character file.

Game seed: 16632779737330973192

39 randomguy2701 the Covered (level 3, -1/33 HPs)
             Began as a Minotaur Fighter on July 26, 2023.
             Slain by a goblin
             ... wielding a +0 club
             ... led by Robin
              (2 damage)
             ... on level 2 of the Dungeon.
             The game lasted 00:00:45 (672 turns).

randomguy2701 the Covered (Minotaur Fighter)         Turns: 672, Time: 00:00:46

Health: -1/33      AC:  7    Str: 20    XL:     3   Next: 26%
Magic:  2/2        EV:  6    Int:  5    God:
Gold:   58         SH:  4    Dex: 11    Spells: 2/2 levels left

rFire   . . .        a - +0 war axe
rCold   . . .        c - +0 buckler
rNeg    . . .        b - +0 scale mail
rPois   .            (helmet restricted)
rElec   .            (no cloak)
rCorr   .            (no gloves)
SInv    .            (no boots)
Will    .....        (no amulet) Stlth
                     (no ring)
HPRegen 0.25/turn    (no ring)
MPRegen 0.08/turn

%: no passive effects
@: constricted
A: horns 2, retaliatory headbutt
a: no special abilities


You were on level 2 of the Dungeon.
You visited 1 branch of the dungeon, and saw 2 of its levels.

You collected 58 gold pieces.

Inventory:

Hand Weapons
 a - a +0 war axe (weapon)
Armour
 b - a +0 scale mail (worn)
 c - a +0 buckler (worn)
Scrolls
 i - a scroll of revelation {unknown}
Potions
 d - a potion of might
 e - a potion of haste {unknown}
 f - a potion of curing {unknown}
 g - a potion of lignification {unknown}
 h - a potion of attraction {unknown}


   Skills:
 + Level 4.2 Fighting
 + Level 2.7 Axes
 + Level 4.4 Armour
 + Level 3.9 Shields


You had 2 spell levels left.
You didn't know any spells.
Your spell library contained the following spells:

 Spells                   Type           Power      Damage    Failure   Level
 Sting                    Tmut/Pois      0%         1d3       88%         1
 Poisonous Vapours        Pois/Air       0%         N/A       95%         2
 Olgreb's Toxic Radiance  Pois           0%         N/A       100%        4


Dungeon Overview and Level Annotations

Branches:
Dungeon (2/15)

Altars:

Annotations:
D:2 Robin


Innate Abilities, Weirdness & Mutations

You have a pair of horns on your head.
You reflexively headbutt those who attack you in melee.


Message History

You slash the goblin!
You kill the goblin!
You slash the goblin!
You kill the goblin!
You hit the goblin.
You kill the goblin!
You hit the goblin. The goblin closely misses you. You furiously retaliate!
You headbutt the goblin!
You kill the goblin!
You hit the goblin.
You kill the goblin!
You hit the hobgoblin. You hit the goblin. The hobgoblin barely misses you.
The goblin barely misses you. The hobgoblin closely misses you.
The goblin hits you but does no damage. You block Robin's attack.
Unknown command.
You hit Robin but do no damage. You hit the hobgoblin but do no damage.
You barely miss the hobgoblin. You hit the goblin.
You kill the goblin!
You barely miss the goblin. The hobgoblin barely misses you.
The hobgoblin hits you.
* * * LOW HITPOINT WARNING * * *
Robin throws the goblin at you! The goblin closely misses you.
You slash Robin! You headbutt Robin!
Robin is almost dead.
You hit the hobgoblin but do no damage. You barely miss the hobgoblin.
You closely miss the ball python. You completely miss the goblin.
You hit the goblin.
The ball python bites you but does no damage.
You block the ball python's attack. The hobgoblin barely misses you.
You furiously retaliate!
You headbutt the hobgoblin.
The goblin barely misses you. x2; You furiously retaliate!
You headbutt the goblin!
You kill the goblin!
Robin hits you with a +0 dagger.
* * * LOW HITPOINT WARNING * * *
The hobgoblin barely misses you. You block the ball python's attack.
The ball python grabs you. The ball python constricts you.
The hobgoblin barely misses you. Robin hits you but does no damage.
The goblin hits you with a +0 club.
You die...

#.......... ##..........
#........... #........?..
#........... #...g.......
#..ggS......
###..g@).$....
#....).g.....#..#. ...
####.#................ ...
#....................##...
#..............##>........
#...............##........
#.........................
#...............#.........
#..................<.<....


You could see Robin, 2 hobgoblins, 2 goblins and a ball python.

Vanquished Creatures
  An adder (D:2)
  A worm (D:2)
  3 dart slugs (D:1)
  A giant cockroach (D:1)
  9 goblins (D:2)
  A hobgoblin (D:2)
  A quokka (D:1)
  2 bats (D:1)
  2 rats
21 creatures vanquished.

Notes
Turn   | Place    | Note
-------+----------+-------------------------------------------
     0 | D:1      | randomguy2701 the Minotaur Fighter began the quest for the
                  | Orb.
     0 | D:1      | Reached XP level 1. HP: 19/19 MP: 0/0
   108 | D:1      | Reached XP level 2. HP: 26/27 MP: 1/1
   664 | D:2      | Noticed Robin
   668 | D:2      | Reached XP level 3. HP: 13/33 MP: 2/2
   672 | D:2      | HP: 1/33 [Robin/+0 dagger (1)]
   672 | D:2      | Slain by a goblin

Illustrated notes

Levels and vault maps discovered:
D:1:      kennysheep_arrival_forest, layout_basic
D:2:      layout_rooms, serial_shops, nicolae_shop_pleasant_corner_grove,
          wander_ebering_terrifying_dragon_lair, uniq_robin

Skill      XL: |  1  2 |
---------------+-------+-----
Fighting       | 4 |  4.2
Armour         | 4 |  4.4
Axes           | |  2.7
Shields        | |  3.9

Action                     || total
---------------------------++-------
  Melee: War axe           ||    28
         Headbutt          ||     4
 Armour: Scale mail        ||    15
  Dodge: Dodged            ||    19
  Block: Buckler           ||    11

Table legend: (Time is in decaauts)
 A = Elapsed time spent in this place.
 B = Non-inter-level travel time spent in this place.
 C = Inter-level travel time spent in this place.
 D = Time resting spent in this place.
 E = Time spent auto-exploring this place.
 F = Levels seen in this place.
 G = Mean time per level.
                   A        B        C        D        E       F      G
               +--------+--------+--------+--------+--------+-----+--------+
         Total |    682 |    671 |     11 |      0 |    580 |   2 |  341.0 |
       Dungeon |    682 |    671 |     11 |      0 |    580 |   2 |  341.0 |
               +--------+--------+--------+--------+--------+-----+--------+

Top non-repeatable levels by time:
     D:1: 629 daAuts
     D:2: 53 daAuts
